TOP OF THE 1ST |
Long Island Seawolves batting - Pitching for Billings Polar Bears : RHP Dahab Kanda
|
Pitching: RHP Dahab Kanda
|
|
Batting: RHB Júlio Flores
|
0-0: Called Strike 0-1: Bunt missed! 0-2: Ball 1-2: Strikes out swinging
|
Batting: RHB Alfredo Escalante
|
0-0: Swinging Strike 0-1: Ball 1-1: Foul Ball, location: 2F 1-2: Ball 2-2: Foul Ball, location: 2F 2-2: Foul Ball, location: 2F 2-2: SINGLE (Line Drive, 56)
|
Batting: LHB Jackson Curry
|
0-0: Called Strike Alfredo Escalante steals 2nd base 0-1: Swinging Strike 0-2: Strikes out swinging
|
Batting: LHB Pedro Colón
|
0-0: Swinging Strike 0-1: Foul Ball, location: 2F 0-2: Ball 1-2: Ground out U3 (Groundball, 34S)
|
Top of the 1st over - 0 run(s), 1 hit(s), 0 error(s), 1 left on base; Long Island 0 - Billings 0 |
BOTTOM OF THE 1ST |
Billings Polar Bears batting - Pitching for Long Island Seawolves : RHP Vinny Mariani
|
Pitching: RHP Vinny Mariani
|
|
Batting: LHB Carlos Medellín
|
0-0: Called Strike 0-1: Ball 1-1: Foul Ball, location: 2F 1-2: Strikes out swinging
|
Batting: LHB Augustus Driscoll
|
0-0: Ball 1-0: Foul Ball, location: 2F 1-1: Ball 2-1: Foul Ball, location: 2F 2-2: Fly out, F8 (Flyball, 8RM)
|
Batting: RHB Wu-shiun Wang
|
0-0: Called Strike 0-1: Called Strike 0-2: Ball 1-2: Ball 2-2: DOUBLE (Flyball, 7D)
|
Batting: RHB Apu Nahasapeemapetilon
|
0-0: Swinging Strike 0-1: Fly out, F8 (Flyball, 8LD)
|
Bottom of the 1st over - 0 run(s), 1 hit(s), 0 error(s), 1 left on base; Long Island 0 - Billings 0 |
TOP OF THE 2ND |
Long Island Seawolves batting - Pitching for Billings Polar Bears : RHP Dahab Kanda
|
Batting: RHB Jeff MacCamie
|
0-0: Ball 1-0: Swinging Strike 1-1: Ball 2-1: Ball 3-1: Base on Balls
|
Batting: RHB David Elías
|
0-0: Ball 1-0: Called Strike 1-1: Ball 2-1: Called Strike 2-2: Grounds into double play, 6-4-3 (Groundball, 6)
|
Batting: LHB Govaart Pleijt
|
0-0: Foul Ball, location: 2F 0-1: Ball 1-1: Ball 2-1: Foul Ball, location: 2F 2-2: SINGLE (Groundball, 6D)
|
Batting: LHB Roberto Valle
|
0-0: Ball 1-0: Ball Govaart Pleijt steals 2nd base 2-0: Foul Ball, location: 2F 2-1: Ground out 6-3 (Groundball, 6)
|
Top of the 2nd over - 0 run(s), 1 hit(s), 0 error(s), 1 left on base; Long Island 0 - Billings 0 |
BOTTOM OF THE 2ND |
Billings Polar Bears batting - Pitching for Long Island Seawolves : RHP Vinny Mariani
|
Batting: LHB Víctor Fortis
|
0-0: Ball 1-0: Ball 2-0: Fly out, F8 (Flyball, 8LD)
|
Batting: RHB Arturo Scantlebury
|
0-0: Fly out, F9 (Flyball, 9LM)
|
Batting: LHB Fa-tang Wang
|
0-0: Ball 1-0: Called Strike 1-1: Ball 2-1: Foul Ball, location: 2F 2-2: Ball 3-2: Ground out 4-3 (Groundball, 4)
|
Bottom of the 2nd over - 0 run(s), 0 hit(s), 0 error(s), 0 left on base; Long Island 0 - Billings 0 |
TOP OF THE 3RD |
Long Island Seawolves batting - Pitching for Billings Polar Bears : RHP Dahab Kanda
|
Batting: RHB Creed Bratton
|
0-0: Ball 1-0: Ball 2-0: Foul Ball, location: 2F 2-1: Bunt missed! 2-2: Ground out 4-3 (Groundball, 4S)
|
Batting: RHB Júlio Flores
|
0-0: Foul Ball, location: 2F 0-1: Foul Ball, location: 2F 0-2: Ball 1-2: Foul Ball, location: 2F 1-2: Foul Ball, location: 2F 1-2: Ground out 1-3 (Groundball, 15)
|
Batting: RHB Alfredo Escalante
|
0-0: Ball 1-0: Swinging Strike 1-1: Called Strike 1-2: Ball 2-2: Strikes out looking
|
Top of the 3rd over - 0 run(s), 0 hit(s), 0 error(s), 0 left on base; Long Island 0 - Billings 0 |
BOTTOM OF THE 3RD |
Billings Polar Bears batting - Pitching for Long Island Seawolves : RHP Vinny Mariani
|
Batting: RHB Jorge Noutel
|
0-0: Ball 1-0: Ground out 5-3 (Groundball, 56)
|
Batting: LHB Mike Goff
|
0-0: Fly out, F7 (Flyball, 7)
|
Batting: LHB Carlos Medellín
|
0-0: DOUBLE (Flyball, 7LM)
|
Batting: LHB Augustus Driscoll
|
0-0: Ball 1-0: Swinging Strike 1-1: SINGLE (Groundball, 6D) Carlos Medellín to third Runner from 3rd tries for Home, SAFE, no throw
|
Batting: RHB Wu-shiun Wang
|
0-0: Called Strike 0-1: Foul Ball, location: 2F 0-2: Ball Augustus Driscoll is caught stealing 2nd base
|
Bottom of the 3rd over - 1 run(s), 2 hit(s), 0 error(s), 0 left on base; Long Island 0 - Billings 1 |
TOP OF THE 4TH |
Long Island Seawolves batting - Pitching for Billings Polar Bears : RHP Dahab Kanda
|
Batting: LHB Jackson Curry
|
0-0: Swinging Strike 0-1: Ball 1-1: Foul Ball, location: 2F 1-2: Ground out 4-3 (Groundball, 4)
|
Batting: LHB Pedro Colón
|
0-0: Foul Ball, location: 2F 0-1: Fly out, F7 (Flyball, 7S)
|
Batting: RHB Jeff MacCamie
|
0-0: Ball 1-0: Fly out, F8 (Line Drive, 89M)
|
Top of the 4th over - 0 run(s), 0 hit(s), 0 error(s), 0 left on base; Long Island 0 - Billings 1 |
BOTTOM OF THE 4TH |
Billings Polar Bears batting - Pitching for Long Island Seawolves : RHP Vinny Mariani
|
Batting: RHB Wu-shiun Wang
|
0-0: Ground out U3 (Groundball, 34)
|
Batting: RHB Apu Nahasapeemapetilon
|
0-0: Ground out 6-3 (Groundball, 6MS)
|
Batting: LHB Víctor Fortis
|
0-0: Ball 1-0: Ball 2-0: DOUBLE (Flyball, 7D)
|
Batting: RHB Arturo Scantlebury
|
0-0: Ball 1-0: Fly out, F7 (Flyball, 7S)
|
Bottom of the 4th over - 0 run(s), 1 hit(s), 0 error(s), 1 left on base; Long Island 0 - Billings 1 |
TOP OF THE 5TH |
Long Island Seawolves batting - Pitching for Billings Polar Bears : RHP Dahab Kanda
|
Batting: RHB David Elías
|
0-0: Called Strike 0-1: Ball 1-1: Ball 2-1: Foul Ball, location: 2F 2-2: SOLO HOME RUN (Line Drive, 7LD), Distance : 363 ft
|
Batting: LHB Govaart Pleijt
|
0-0: Called Strike 0-1: Called Strike 0-2: Ball 1-2: SINGLE (Groundball, 6MD)
|
Batting: LHB Roberto Valle
|
0-0: Ball 1-0: Called Strike Govaart Pleijt steals 2nd base 1-1: Sac Bunt - play at first, batter OUT! 1-4 Govaart Pleijt to third
|
Batting: RHB Creed Bratton
|
0-0: Called Strike 0-1: Swinging Strike 0-2: Foul Ball, location: 2F 0-2: Ball 1-2: Ball 2-2: Foul Ball, location: 2F 2-2: Strikes out looking
|
Batting: RHB Júlio Flores
|
0-0: Ball 1-0: Called Strike 1-1: Ball 2-1: Ball 3-1: Base on Balls
|
Pitching: RHP Paco Rojas
|
|
Batting: RHB Alfredo Escalante
|
0-0: Called Strike 0-1: Ball 1-1: Ball 2-1: Swinging Strike 2-2: Strikes out swinging
|
Top of the 5th over - 1 run(s), 2 hit(s), 0 error(s), 2 left on base; Long Island 1 - Billings 1 |
BOTTOM OF THE 5TH |
Billings Polar Bears batting - Pitching for Long Island Seawolves : RHP Vinny Mariani
|
Batting: LHB Fa-tang Wang
|
0-0: Ball 1-0: Foul Ball, location: 2F 1-1: Ball 2-1: Called Strike 2-2: Foul Ball, location: 2F 2-2: Ball 3-2: Base on Balls
|
Batting: RHB Jorge Noutel
|
0-0: Ball 1-0: DOUBLE (Line Drive, 7LM) Fa-tang Wang to third
|
Batting: LHB Mike Goff
|
0-0: Called Strike 0-1: Ball 1-1: Called Strike 1-2: Foul Ball, location: 2F 1-2: Ball 2-2: Ball 3-2: Base on Balls
|
Batting: LHB Carlos Medellín
|
0-0: Ball 1-0: Foul Ball, location: 2F 1-1: Called Strike 1-2: SINGLE (Flyball, 89S) Fa-tang Wang scores Jorge Noutel to third Mike Goff to second
|
Batting: LHB Augustus Driscoll
|
0-0: Ball 1-0: Ball 2-0: Ball 3-0: Base on Balls Jorge Noutel scores Mike Goff to third Carlos Medellín to second
|
Batting: RHB Wu-shiun Wang
|
0-0: Ball 1-0: Called Strike 1-1: Foul Ball, location: 2F 1-2: SINGLE (Groundball, 56) (infield hit) Mike Goff scores Carlos Medellín to third Augustus Driscoll to second
|
Batting: RHB Apu Nahasapeemapetilon
|
0-0: Ball 1-0: Ball 2-0: Foul Ball, location: 2F 2-1: Foul Ball, location: 2F 2-2: Ball 3-2: Base on Balls Carlos Medellín scores Augustus Driscoll to third Wu-shiun Wang to second
|
Batting: LHB Víctor Fortis
|
0-0: Swinging Strike 0-1: Ball 1-1: Ball 2-1: Ball 3-1: Foul Ball, location: 2F 3-2: Foul Ball, location: 2F 3-2: Grounds into double play, 4-6-3 (Groundball, 4) Augustus Driscoll scores Wu-shiun Wang to third
|
Pitching: RHP Fernando Júlio
|
|
Batting: RHB Arturo Scantlebury
|
0-0: Ball 1-0: SINGLE (Groundball, 6MD) Wu-shiun Wang scores
|
Batting: LHB Fa-tang Wang
|
0-0: Foul Ball, location: 2F 0-1: Ground out U3 (Groundball, 3S)
|
Bottom of the 5th over - 6 run(s), 4 hit(s), 0 error(s), 1 left on base; Long Island 1 - Billings 7 |
TOP OF THE 6TH |
Long Island Seawolves batting - Pitching for Billings Polar Bears : RHP Paco Rojas
|
Batting: LHB Jackson Curry
|
0-0: Called Strike 0-1: Ball 1-1: Called Strike 1-2: Ball 2-2: Strikes out looking
|
Batting: LHB Pedro Colón
|
0-0: Called Strike 0-1: Called Strike 0-2: Foul Ball, location: 2F 0-2: Ball 1-2: Ball 2-2: Ball 3-2: Base on Balls
|
Batting: RHB Jeff MacCamie
|
0-0: Swinging Strike 0-1: SINGLE (Line Drive, 56D) Pedro Colón to second
|
Batting: RHB David Elías
|
0-0: Foul Ball, location: 2F 0-1: Ball 1-1: Ball 2-1: Called Strike 2-2: Ball 3-2: Strikes out looking
|
Batting: LHB Govaart Pleijt
|
0-0: Foul Ball, location: 2F 0-1: Swinging Strike 0-2: Ball 1-2: Ball 2-2: Ball 3-2: Base on Balls Pedro Colón to third Jeff MacCamie to second
|
Batting: LHB Roberto Valle
|
0-0: Ball 1-0: Called Strike 1-1: Swinging Strike 1-2: Ground out 5-3 (Groundball, 56S)
|
Top of the 6th over - 0 run(s), 1 hit(s), 0 error(s), 3 left on base; Long Island 1 - Billings 7 |
BOTTOM OF THE 6TH |
Billings Polar Bears batting - Pitching for Long Island Seawolves : RHP Fernando Júlio
|
Batting: RHB Jorge Noutel
|
0-0: Ball 1-0: Ground out 5-3 (Groundball, 56)
|
Batting: LHB Mike Goff
|
0-0: Ball 1-0: Ball 2-0: SINGLE (Line Drive, 6D)
|
Batting: LHB Carlos Medellín
|
0-0: SINGLE (Line Drive, 9LS) Mike Goff to second
|
Batting: LHB Augustus Driscoll
|
0-0: SINGLE (Groundball, 34S) (infield hit) Mike Goff to third Carlos Medellín to second
|
Batting: RHB Wu-shiun Wang
|
0-0: Single, Error in OF, E9, batter to second base Mike Goff scores Carlos Medellín scores Augustus Driscoll to third
|
Batting: RHB Apu Nahasapeemapetilon
|
0-0: Called Strike 0-1: Ball 1-1: Swinging Strike 1-2: Strikes out swinging
|
Batting: LHB Víctor Fortis
|
0-0: Ball 1-0: Ball 2-0: Swinging Strike 2-1: Fly out, F8 (Flyball, 8RS)
|
Bottom of the 6th over - 2 run(s), 4 hit(s), 1 error(s), 2 left on base; Long Island 1 - Billings 9 |
TOP OF THE 7TH |
Long Island Seawolves batting - Pitching for Billings Polar Bears : RHP Paco Rojas
|
Batting: RHB Creed Bratton
|
0-0: Ball 1-0: Ball 2-0: Called Strike 2-1: DOUBLE (Line Drive, 89D)
|
Batting: RHB Júlio Flores
|
0-0: Called Strike Creed Bratton steals 3rd base 0-1: Ground out 4-3 (Groundball, 4) Creed Bratton scores
|
Batting: RHB Alfredo Escalante
|
0-0: Called Strike 0-1: Called Strike 0-2: Strikes out swinging
|
Batting: LHB Jackson Curry
|
0-0: SINGLE (Line Drive, 9LS)
|
Batting: LHB Pedro Colón
|
0-0: Called Strike Jackson Curry is caught stealing 2nd base
|
Top of the 7th over - 1 run(s), 2 hit(s), 0 error(s), 0 left on base; Long Island 2 - Billings 9 |
BOTTOM OF THE 7TH |
Billings Polar Bears batting - Pitching for Long Island Seawolves : RHP Fernando Júlio
|
Batting: RHB Arturo Scantlebury
|
0-0: Foul Ball, location: 2F 0-1: Fly out, F7 (Flyball, 7S)
|
Batting: LHB Fa-tang Wang
|
0-0: Called Strike 0-1: Swinging Strike 0-2: Fly out, F6 (Popup, 56D)
|
Batting: RHB Jorge Noutel
|
0-0: Foul Ball, location: 2F 0-1: Ball 1-1: Foul Ball, location: 2F 1-2: Ball 2-2: Fly out, F1 (Line Drive, 13)
|
Bottom of the 7th over - 0 run(s), 0 hit(s), 0 error(s), 0 left on base; Long Island 2 - Billings 9 |
TOP OF THE 8TH |
Long Island Seawolves batting - Pitching for Billings Polar Bears : RHP Paco Rojas
|
Now in LF: Terry Sylvester
|
|
Batting: LHB Pedro Colón
|
0-0: Ball 1-0: Ball 2-0: Called Strike 2-1: Ball 3-1: Foul Ball, location: 2F 3-2: Ground out 6-3 (Groundball, 6S)
|
Pitching: RHP Bryan Tuff
|
|
Batting: RHB Jeff MacCamie
|
0-0: Foul Ball, location: 2F 0-1: Fly out, F6 (Line Drive, 6)
|
Batting: RHB David Elías
|
0-0: Called Strike 0-1: Called Strike 0-2: Fly out, F9 (Flyball, 9)
|
Top of the 8th over - 0 run(s), 0 hit(s), 0 error(s), 0 left on base; Long Island 2 - Billings 9 |
BOTTOM OF THE 8TH |
Billings Polar Bears batting - Pitching for Long Island Seawolves : RHP Fernando Júlio
|
Batting: LHB Mike Goff
|
0-0: Ball 1-0: Fly out, F6 (Line Drive, 6MD)
|
Batting: LHB Carlos Medellín
|
0-0: Swinging Strike 0-1: Ball 1-1: DOUBLE (Line Drive, 9LM)
|
Batting: LHB Augustus Driscoll
|
0-0: Ball 1-0: Called Strike Carlos Medellín steals 3rd base 1-1: Foul Ball, location: 2F 1-2: Foul Ball, location: 2F 1-2: Ball 2-2: Ground out 4-3 (Groundball, 34) Carlos Medellín scores
|
Batting: RHB Wu-shiun Wang
|
0-0: Ball 1-0: Foul Ball, location: 2F 1-1: Ball 2-1: Foul Ball, location: 2F 2-2: Strikes out swinging
|
Bottom of the 8th over - 1 run(s), 1 hit(s), 0 error(s), 0 left on base; Long Island 2 - Billings 10 |
TOP OF THE 9TH |
Long Island Seawolves batting - Pitching for Billings Polar Bears : RHP Bryan Tuff
|
Batting: LHB Govaart Pleijt
|
0-0: Foul Ball, location: 2F 0-1: Called Strike 0-2: Ball 1-2: Strikes out swinging
|
Batting: LHB Roberto Valle
|
0-0: Ball 1-0: Foul Ball, location: 2F 1-1: Fly out, F7 (Flyball, 7LS)
|
Batting: RHB Creed Bratton
|
0-0: Ball 1-0: Ball 2-0: Swinging Strike 2-1: Swinging Strike 2-2: Strikes out swinging
|
Top of the 9th over - 0 run(s), 0 hit(s), 0 error(s), 0 left on base; Long Island 2 - Billings 10 |
|